 Dungeon Crawl Stone Soup version 0.25-a0-429-g4e4398398a (webtiles) character file.

Game seed: 10176976317070160650, levelgen mode: deterministic

2139 LairdRich the Cleaver (level 9, -4/79 HPs)
             Began as a Minotaur Berserker on Jan 25, 2020.
             Was a Priest of Trog.
             Killed from afar by an electric eel (13 damage)
             ... with a bolt of electricity
             ... on level 7 of the Dungeon.
             The game lasted 00:14:20 (4614 turns).

LairdRich the Cleaver (Minotaur Berserker)          Turns: 4614, Time: 00:14:21

Health: -4/79      AC: 15    Str: 24    XL:     9   Next: 9%
Magic:  8/8        EV:  9    Int:  4    God:    Trog [***...]
Gold:   326        SH:  4    Dex: 11    Spells: 8/8 levels left

rFire    . . .     SeeInvis +   a - +1 war axe (drain)
rCold    . . .     Gourm    .   j - +0 buckler
rNeg     . . .     Faith    .   l - +0 plate armour
rPois    .         Spirit   .   (helmet restricted)
rElec    .         Reflect  .   (no cloak)
rCorr    .         Harm     .   (no gloves)
MR       .....                  k - +1 pair of boots
Stlth    ..........             (no amulet)
HPRegen  0.23/turn              p - ring of see invisible
MPRegen  0.11/turn              (no ring)

@: no status effects
A: retaliatory headbutt, horns 2
a: Berserk, Trog's Hand, Renounce Religion


You were on level 7 of the Dungeon.
You worshipped Trog.
Trog was most pleased with you.
You were not hungry.

You visited 1 branch of the dungeon, and saw 7 of its levels.

You collected 326 gold pieces.

Inventory:

Hand Weapons
 a - a +1 war axe of draining (weapon)
 s - a +1 hand axe
Armour
 j - a +0 buckler (worn)
 k - a +1 pair of boots (worn)
 l - a +0 plate armour (worn)
Jewellery
 p - a ring of see invisible (left hand)
Wands
 b - a wand of scattershot (3)
Scrolls
 i - 3 scrolls of teleportation
 q - 6 scrolls of remove curse
 r - a scroll of fear
 t - 4 scrolls of identify
 u - a scroll of enchant weapon
 v - 2 scrolls of enchant armour
 w - a scroll of immolation {unknown}
 x - a scroll of blinking
Potions
 d - a potion of might {unknown}
 e - a potion of brilliance {unknown}
 f - 2 potions of haste
 g - 2 potions of heal wounds {unknown}
 h - 3 potions of agility {unknown}
 m - a potion of curing {unknown}
 n - a potion of flight {unknown}
 o - a potion of invisibility {unknown}
Comestibles
 c - 9 rations
 z - 6 chunks of flesh


   Skills:
 + Level 7.1 Fighting
 * Level 9.4 Axes
 + Level 6.5 Armour
 - Level 6.0 Dodging
 - Level 4.0 Shields


You had 8 spell levels left.
You didn't know any spells.
Your spell library was empty.

Dungeon Overview and Level Annotations

Branches:
Dungeon (7/15)             Temple (0/1) D:4

Altars:
Elyvilon
Gozag
Hepliaklqana
Wu Jian
Yredelemnul
The Shining One

Shops:
D:4 =


Innate Abilities, Weirdness & Mutations

You reflexively headbutt those who attack you in melee.
You have a pair of horns on your head.


Message History

The electric eel is lightly wounded.
The electric eel shoots out a bolt of lightning at you!
The bolt of electricity misses you. The bolt of electricity hits you.
* * * LOW HITPOINT WARNING * * *
The bolt of electricity hits the electric eel.
The electric eel completely resists.
You closely miss the electric eel. You headbutt the electric eel.
The electric eel is moderately wounded.
The electric eel shoots out a bolt of lightning at you!
The bolt of electricity misses you. The bolt of electricity hits you.
* * * LOW HITPOINT WARNING * * *
The bolt of electricity hits the electric eel.
The electric eel completely resists.
You miss the electric eel.
The electric eel is moderately wounded.
The electric eel shoots out a bolt of lightning at you!
The bolt of electricity hits you!
* * * LOW HITPOINT WARNING * * *
The bolt of electricity hits you!
You die...

.............#≈...
...##..##...#....
#######..##...#....
#....##...#...#....
#.........#...#....
##....P....#...#....
#...P...####..##
#.+....P.# #..#
#..@♣≈P.P..
#..≈;≈≈.....
##P.≈≈♣≈....
#.≈♣≈≈♣P....
#.≈≈≈≈♣≈P# #...≈≈≈
.. #P.. ≈..
#.♣P....P


You could see an electric eel.

Vanquished Creatures
  Pikel (D:4)
  A hippogriff (D:7)
  A water moccasin (D:6)
  2 slaves (D:4)
  A black bear (D:6)
  An ogre (D:4)
  2 phantoms
  A big kobold (D:4)
  2 bullfrogs (D:6)
  2 scorpions
  An electric eel (D:7)
  A crimson imp (D:5)
  4 orc wizards
  Crazy Yiuf (D:3)
  Jessica (D:3)
  An iguana (D:5)
  Natasha (thrice) (D:2)
  8 worker ants
  Robin (D:3)
  3 gnolls (D:6)
  7 adders
  A shadow imp (D:3)
  2 oozes
  3 worms
  A dart slug (D:1)
  5 leopard geckos
  17 orcs
  5 bats
  5 giant cockroaches
  15 goblins
  5 hobgoblins
  3 jackals (D:4)
  4 quokkas
  6 frilled lizards
  A jackal skeleton (D:6)
  5 kobolds
  4 rats (D:1)
127 creatures vanquished.

Vanquished Creatures (others)
  A jackal (D:4)
1 creature vanquished.

Grand Total: 128 creatures vanquished

Notes
Turn   | Place    | Note
-------+----------+-------------------------------------------
     0 | D:1      | LairdRich the Minotaur Berserker began the quest for the
                  | Orb.
     0 | D:1      | Reached XP level 1. HP: 19/19 MP: 0/0
   425 | D:1      | Reached skill level 4 in Axes
   425 | D:1      | Reached XP level 2. HP: 27/27 MP: 1/1
   951 | D:2      | Noticed Natasha
   957 | D:2      | Reached XP level 3. HP: 31/33 MP: 2/2
   960 | D:2      | Killed Natasha
   977 | D:2      | Noticed Natasha
   978 | D:2      | Found a hazy altar of Hepliaklqana.
   980 | D:2      | Found a glowing golden altar of the Shining One.
   985 | D:2      | Killed Natasha
   985 | D:2      | Reached XP level 4. HP: 38/40 MP: 3/3
  1027 | D:2      | Reached ** piety under Trog
  1027 | D:2      | Reached skill level 5 in Axes
  1167 | D:2      | Noticed Natasha
  1181 | D:2      | Killed Natasha
  1181 | D:2      | Reached XP level 5. HP: 17/47 MP: 4/4
  1402 | D:2      | Found an ornate altar of the Wu Jian Council.
  1893 | D:3      | Noticed Jessica
  1898 | D:3      | Killed Jessica
  2048 | D:3      | Found a runed translucent door.
  2049 | D:3      | Noticed Crazy Yiuf
  2108 | D:3      | Noticed Robin
  2109 | D:3      | Reached skill level 1 in Shields
  2130 | D:3      | Killed Robin
  2233 | D:3      | Killed Crazy Yiuf
  2233 | D:3      | Reached XP level 6. HP: 53/53 MP: 5/5
  2349 | D:4      | Found a staircase to the Ecumenical Temple.
  2358 | D:4      | Noticed Pikel
  2358 | D:4      | Noticed a slave
  2359 | D:4      | Noticed a slave
  2359 | D:4      | Noticed a slave
  2359 | D:4      | Noticed a slave
  2376 | D:4      | Killed a slave
  2378 | D:4      | Killed a slave
  2379 | D:4      | Killed Pikel
  2379 | D:4      | Reached skill level 5 in Fighting
  2379 | D:4      | Reached skill level 7 in Axes
  2379 | D:4      | Reached XP level 7. HP: 61/61 MP: 6/6
  2507 | D:4      | Found a white marble altar of Elyvilon.
  2679 | D:4      | Reached skill level 5 in Armour
  2713 | D:4      | Reached *** piety under Trog
  2804 | D:4      | Reached XP level 8. HP: 53/70 MP: 7/7
  2933 | D:4      | Found Urazoarph's Jewellery Emporium.
  2960 | D:4      | Found a basalt altar of Yredelemnul.
  3095 | D:4      | Found an opulent altar of Gozag.
  3200 | D:5      | Entered Level 5 of the Dungeon
  3413 | D:5      | Reached skill level 8 in Axes
  3413 | D:5      | Reached skill level 5 in Dodging
  3944 | D:6      | Reached skill level 9 in Axes
  4286 | D:7      | Noticed a hippogriff
  4294 | D:7      | Killed a hippogriff
  4294 | D:7      | Reached XP level 9. HP: 69/79 MP: 8/8
  4614 | D:7      | Killed from afar by an electric eel

Levels and vault maps discovered:
D:1:      lightli_arrival_statuegarden, layout_basic, due_unseen_surprise
D:2:      layout_basic, lemuel_round_altar,
          chequers_temple_overflow_statue_of_worship, first_ration, uniq_natasha
D:3:      layout_basic, uniq_crazy_yiuf_cottage, uniq_jessica, uniq_robin
D:4:      layout_gridville, elyvilon_altar_3, kennysheep_little_box,
          marbit_many_paths, minmay_temple_entry_overgrown, serial_shops, shop,
          uniq_pikel
D:5:      layout_rooms
D:6:      layout_loops_cross
D:7:      layout_gridville, serial_bayou, serial_bayou_pond_d,
          serial_bayou_pond_e, serial_bayou_pond_a, serial_bayou_pond_a

Skill      XL: |  1  2  3  4  5  6  7  8  9 |
---------------+----------------------------+-----
Axes           | 4 5 7 9 |  9.4
Fighting       | 4 5 7 |  7.1
Armour         | 3 4 5 6 |  6.5
Dodging        | 3 4 5 6 |  6.0
Shields        | 1 2 3 4 |  4.0

Action                   |  1- 3 |  4- 6 |  7- 9 || total
-------------------------+-------+-------+-------++-------
Melee: Hand axe          |    55 |   141 |    58 ||   254
       Headbutt          |     5 |    17 |    37 ||    59
       War axe           |       |       |   119 ||   119
Invok: Trog's Hand       |       |     2 |     1 ||     3
       Berserk           |       |     2 |       ||     2
  Use: Scroll            |       |     4 |     5 ||     9
  Eat: Chunk             |       |     6 |     6 ||    12
       Ration            |       |       |     1 ||     1
Armor: Chain mail        |    27 |    42 |       ||    69
       Animal skin       |     1 |       |       ||     1
       Plate armour      |       |    74 |    82 ||   156
Dodge: Dodged            |    36 |    46 |    56 ||   138
Block: Buckler           |       |    12 |    34 ||    46

Table legend:
 A = Non-vault XP
 B = Vault XP
 C = Vault XP percentage of total XP
 D = Non-vault monster count
 E = Vault monster count
 F = Vault count percentage of total count
                 A         B        C        D         E       F
            +---------+---------+-------+---------+---------+-------
      Total |    2278 |     778 |  25.5 |     108 |      17 |  13.6
            +---------+---------+-------+---------+---------+-------
        D:1 |      28 |       0 |   0.0 |      14 |       0 |   0.0
        D:2 |     155 |      35 |  18.4 |      16 |       1 |   5.9
        D:3 |      64 |     114 |  64.0 |      18 |      15 |  45.5
        D:4 |     567 |     629 |  52.6 |      24 |       1 |   4.0
        D:5 |     361 |       0 |   0.0 |      10 |       0 |   0.0
        D:6 |     657 |       0 |   0.0 |      14 |       0 |   0.0
        D:7 |     446 |       0 |   0.0 |      12 |       0 |   0.0
            +---------+---------+-------+---------+---------+-------
